 Dungeon Crawl Stone Soup version 0.16.0-12-g7215832 (webtiles) character file.

779 Fluffy the Carver (level 8, -2/58 HPs)
             Began as a Formicid Fighter on Mar 18, 2015.
             Slain by a gnoll
             ... wielding a +0 halberd
              (15 damage)
             ... on level 6 of the Dungeon.
             The game lasted 00:12:51 (5404 turns).

Fluffy the Carver (Formicid Fighter)                Turns: 5404, Time: 00:12:51

Health: -2/58      AC:  9    Str: 26    XL:     8   Next: 10%
Magic:  11/11      EV:  8    Int:  8    God:
Gold:   301        SH: 10    Dex: 12    Spells: 0 memorised, 7 levels left

rFire  + . .     SeeInvis +     a - +1 long sword
rCold  . . .     Clarity  .     b - +0 scale mail
rNeg   + . .     SustAb   .     c - +0 shield
rPois  .         Gourm    .     (helmet unavailable)
rElec  .         Spirit   .     (no cloak)
rCorr  .         Warding  +     l - +1 pair of gloves
rMut   .         Stasis   +     (no boots)
MR     .....                    C - amulet of warding
Stlth  ..........               (no ring)
                                u - ring of protection from fire

@: mighty, not resistant to hostile enchantments, extremely unstealthy
A: permanent stasis, dig shafts and tunnels, four strong arms, antennae 3
a: Dig, Shaft Self


You were on level 6 of the Dungeon.
You were very hungry.

You visited 2 branches of the dungeon, and saw 7 of its levels.

You collected 301 gold pieces.

Inventory:

Hand weapons
 a - a +1 long sword (weapon)
Armour
 b - a +0 scale mail (worn)
 c - a +0 shield (worn)
 l - a +1 pair of gloves (worn)
Jewellery
 u - a ring of protection from fire (left hand)
 C - an amulet of warding (around neck)
Scrolls
 h - a scroll of identify
 i - a scroll of holy word {unknown}
 k - 4 scrolls of remove curse
Potions
 p - 2 potions of brilliance
 r - a potion of curing
 v - 2 potions of magic
 x - a potion of ambrosia
 z - a potion of invisibility
 B - 4 potions of agility
Books
 f - a book of Geomancy

   Spells                             Type                      Level
   a - Sandblast                      Earth                        1
   b - Stoneskin                      Transmutation/Earth          2
   c - Passwall                       Transmutation/Earth          3
   d - Stone Arrow                    Conjuration/Earth            3
   e - Petrify                        Transmutation/Earth          4
   f - Lee's Rapid Deconstruction     Earth                        5
 n - a book of Summonings

   Spells                             Type                      Level
   a - Abjuration                     Summoning                    3
   b - Recall                         Summoning/Translocation      3
   c - Shadow Creatures               Summoning                    5
   d - Summon Demon                   Summoning                    5
   e - Summon Forest                  Summoning/Translocation      5
   f - Monstrous Menagerie            Summoning                    6
Comestibles
 d - 3 bread rations
 m - a slice of pizza
 s - 3 beef jerkies
 t - a meat ration


   Skills:
 - Level 3.2 Fighting
 + Level 8.7 Long Blades
 - Level 3.2 Armour
 - Level 3.6 Shields


You had 7 spell levels left.
You didn't know any spells.

Dungeon Overview and Level Annotations

Branches:
Dungeon (6/15)             Temple (1/1) D:4

Altars:
Cheibriados
Fedhas
Gozag
Makhleb
Nemelex Xobeh
Vehumet
Xom
Yredelemnul

Annotations:
D:4 ketsa's ghost, experienced DECj


Innate Abilities, Weirdness & Mutations

You are under a permanent stasis effect.
You can dig through walls and to a lower floor.
Your four strong arms can wield two-handed weapons with a shield.
You have a pair of large antennae on your head (SInv).


Message History

You feel very mighty all of a sudden. The worker ant barely misses you.
You block the ice beast's attack.
The quokka bites you but does no damage.
You block the worker ant's attack.
You closely miss the ice beast.
The ice beast is heavily wounded.
You block the ice beast's attack.
The quokka bites you but does no damage.
The worker ant bites you but does no damage.
You slice the ice beast!!!
You kill the ice beast!
You have reached level 8!
You feel stronger.
The quokka bites you but does no damage.
The worker ant closely misses you. The gnoll closely misses you.
You slash the worker ant!!
You kill the worker ant!
The quokka barely misses you.
The gnoll hits you from afar with a halberd!
You die...

##...... ##........
#..........
........... ..#
#.....?.... ....
#.......... .....
##?.......##
......g#.r<.......#
.....gg.@.........#
..................
.....#...........
.....#...........
.... #.......... .
####...... ######


You could see 3 gnolls and a quokka.

Vanquished Creatures
  An ogre (D:4)
  An ice beast (D:6)
  A giant frog (D:4)
  A hound (D:4)
  A centaur skeleton (D:6)
  6 worker ants
  An orc priest (D:3)
  2 orc wizards (D:3)
  An iguana (D:5)
  A hound skeleton (D:4)
  A worker ant zombie (D:5)
  5 adders
  A shadow imp (D:5)
  7 gnolls
  2 worms
  A giant mite (D:3)
  2 adder skeletons (D:4)
  3 giant geckos
  10 orcs
  A bat skeleton (D:5)
  3 giant cockroaches
  7 goblins
  4 hobgoblins
  4 jackals (D:1)
  7 kobolds
  2 quokkas (D:5)
  3 ball pythons
  7 bats
  A giant gecko skeleton (D:5)
  4 giant newts
  13 rats
  2 ballistomycetes (D:3)
106 creatures vanquished.

Vanquished Creatures (others)
  A hobgoblin (D:2)
  A quokka (D:2)
  A giant spore (D:3)
3 creatures vanquished.

Grand Total: 109 creatures vanquished

Notes
Turn   | Place    | Note
--------------------------------------------------------------
     0 | D:1      | Fluffy, the Formicid Fighter, began the quest for the Orb.
     0 | D:1      | Reached XP level 1. HP: 18/18 MP: 1/1
   405 | D:1      | Reached XP level 2. HP: 24/24 MP: 3/3
  1048 | D:2      | Found a sparkling altar of Nemelex Xobeh.
  1152 | D:2      | Reached XP level 3. HP: 29/29 MP: 4/4
  1720 | D:2      | Reached XP level 4. HP: 33/35 MP: 5/5
  1775 | D:3      | Reached skill level 4 in Long Blades
  1818 | D:3      | Reached skill level 5 in Long Blades
  1818 | D:3      | Reached XP level 5. HP: 24/41 MP: 7/7
  2803 | D:3      | Found a sparkling altar of Nemelex Xobeh.
  2855 | D:4      | Found a snail-covered altar of Cheibriados.
  2860 | D:4      | Reached skill level 6 in Long Blades
  2860 | D:4      | Reached XP level 6. HP: 40/47 MP: 8/8
  2921 | D:4      | Noticed an ogre
  2934 | D:4      | Killed an ogre
  2976 | D:4      | Noticed ketsa's ghost (experienced DECj)
  3480 | D:4      | Reached skill level 7 in Long Blades
  3480 | D:4      | Reached XP level 7. HP: 44/52 MP: 9/9
  4353 | D:4      | Found a staircase to the Ecumenical Temple.
  4557 | D:5      | Entered Level 5 of the Dungeon
  4739 | D:5      | Found a burning altar of Makhleb.
  4759 | D:5      | Got an encrusted leather armour
  4787 | D:5      | Identified the cursed -3 leather armour of Wilibyre {Dex+2} (You found it on level 5 of the Dungeon)
  4813 | D:5      | Reached skill level 8 in Long Blades
  5254 | Temple   | Entered the Ecumenical Temple
  5403 | D:6      | Reached XP level 8. HP: 13/58 MP: 11/11
  5404 | D:6      | Slain by a gnoll

Action                   |  1- 3 |  4- 6 |  7- 9 || total
-------------------------+-------+-------+-------++-------
Melee: Long sword        |    96 |   130 |    95 ||   321
  Use: Scroll            |       |       |    16 ||    16
       Potion            |       |       |     2 ||     2
  Eat: Chunk             |     2 |     6 |     5 ||    13
